 Dungeon Crawl Stone Soup version 0.24-a0-161-g3f7990a (webtiles) character file.

Game seed: 6960320362081405547

20 MatthieuS the Chiller (level 2, -2/19 HPs)
             Began as a Merfolk Ice Elementalist on Mar 5, 2019.
             Slain by an ooze (4 damage)
             ... on level 1 of the Dungeon.
             The game lasted 00:03:37 (1042 turns).

MatthieuS the Chiller (Merfolk Ice Elementalist)    Turns: 1042, Time: 00:03:37

Health: -2/19      AC:  5    Str:  8    XL:     2   Next: 79%
Magic:  0/5        EV: 12    Int: 14    God:
Gold:   21         SH:  0    Dex: 14    Spells: 3/6 levels left

rFire    . . .     SeeInvis .   m - +0 dagger
rCold    . . .     Gourm    .   (no shield)
rNeg     . . .     Faith    .   f - +0 leather armour (curse)
rPois    +         Spirit   .   (no helmet)
rElec    .         Reflect  .   (no cloak)
rCorr    .         Harm     .   (no gloves)
MR       .....                  (no boots)
Stlth    ++........             (no amulet)
HPRegen  0.06/turn              j - +2 ring of protection
MPRegen  0.09/turn              k - ring of poison resistance

@: very slightly contaminated
A: change form in water, swift swim, stealthy swim
a: no special abilities


You were on level 1 of the Dungeon.
You were hungry.

You visited 1 branch of the dungeon, and saw 2 of its levels.

You collected 21 gold pieces.

Inventory:

Hand Weapons
 m - a +0 dagger (weapon)
   (You found it on level 1 of the Dungeon)
Armour
 a - a +0 robe
 f - a cursed +0 leather armour (worn)
   (You found it on level 1 of the Dungeon)
 n - a +0 shield
   (You found it on level 1 of the Dungeon)
 o - a cursed -2 scale mail
   (You found it on level 1 of the Dungeon)
Jewellery
 j - a +2 ring of protection (left hand)
   (You found it on level 1 of the Dungeon)
 k - a ring of poison resistance (right hand)
   (You found it on level 1 of the Dungeon)
Scrolls
 g - a scroll of amnesia {unknown}
 h - 3 scrolls of enchant weapon {unknown}
 l - a scroll of identify {unknown}
Potions
 b - a potion of cancellation {unknown}
Comestibles
 e - 2 rations


   Skills:
 - Level 2.6 Dodging
 - Level 2.1 Stealth
 + Level 2.5 Spellcasting
 - Level 0.7 Conjurations
 + Level 3.8 Ice Magic


You had 3 spell levels left.
You knew the following spells:

 Your Spells              Type           Power        Failure   Level  Hunger
a - Freeze                Ice            ##..         7%          1    #......
b - Throw Frost           Conj/Ice       #.....       19%         2    ###....

Your spell library contained the following spells:

 Spells                   Type           Power        Failure   Level  Hunger
 Ozocubu's Armour         Chrm/Ice       #.......     41%         3    ###....
 Throw Icicle             Conj/Ice       #.......     77%         4    #####..
 Summon Ice Beast         Ice/Summ       #.......     82%         4    #####..


Dungeon Overview and Level Annotations

Branches:
Dungeon (2/15)

Altars:


Message History

You miscast Freeze.
You are very lightly contaminated with residual magic.
Nothing appears to happen.
The hobgoblin hits you with a +0 club.
* * * LOW HITPOINT WARNING * * *
Aim: a hobgoblin, wielding a +0 club You miscast Freeze.
A chill runs through your body.
You are feeling hungry.
The hobgoblin barely misses you.
The ooze jiggles.
You see here a leather armour.
Your magical contamination has completely faded away.
Aim: a hobgoblin, wielding a +0 club You freeze the hobgoblin.
The hobgoblin hits you with a +0 club.
* * * LOW HITPOINT WARNING * * *
Aim: a hobgoblin, wielding a +0 club (almost dead)
You freeze the hobgoblin.
You kill the hobgoblin!
There is a stone staircase leading down here.
Really walk into that dispersal trap?
You enter a dispersal trap!
The ooze blinks! x2; You blink.
Unknown command.
An ooze is nearby!
You don't know that spell. (m)acro, (M)acro raw, keymap [(k) default, (x) level-map, (t)argeting, (c)onfirm, m(e)nu], (s)ave?
Input macro trigger key: 2 Current Action: ze.
Do you wish to (r)edefine, (c)lear, or (a)bort?
Input macro action: zx.
Created macro '2' => 'zx.'.
You don't know that spell. (m)acro, (M)acro raw, keymap [(k) default, (x) level-map, (t)argeting, (c)onfirm, m(e)nu], (s)ave?
Input macro trigger key: 2 Current Action: zx.
Do you wish to (r)edefine, (c)lear, or (a)bort?
Input macro action: zb.
Created macro '2' => 'zb.'.
Aim: an ooze You miscast Throw Frost.
You are very lightly contaminated with residual magic.
Wisps of condensation drift from your hands.
Aim: an ooze The puff of frost hits the ooze.
Aim: an ooze (heavily wounded)
You freeze the ooze. The ooze hits you.
* * * LOW HITPOINT WARNING * * *
You hit the ooze. The ooze misses you.
You hit the ooze. The ooze hits you.
* * * LOW HITPOINT WARNING * * *
You hit the ooze but do no damage. The ooze hits you.
You die...

..........##.........#
.........)##.........#
..###############.#### ..# #.#
..# #.# ### #.# # #.#
#################.###############
##..............@...............#
##........^....J#################
##......#.......#
##.....###......#
##......#.......#
##..............#
##..#..>#...#...#
##.###.###.###..#
....#...#<..#...#


You could see an ooze.

Vanquished Creatures
  An ooze (D:1)
  A ball python (D:1)
  6 hobgoblins (D:1)
  2 bats (D:1)
  2 frilled lizards (D:1)
  A kobold (D:1)
  4 rats (D:1)
17 creatures vanquished.

Notes
Turn   | Place    | Note
-------+----------+-------------------------------------------
     0 | D:1      | MatthieuS the Merfolk Ice Elementalist began the quest for
                  | the Orb.
     0 | D:1      | Reached XP level 1. HP: 13/13 MP: 3/3
   286 | D:1      | Reached XP level 2. HP: 19/19 MP: 1/5
   695 | D:1      | Learned a level 2 spell: Throw Frost
  1042 | D:1      | Slain by an ooze

Levels and vault maps discovered:
D:1:      minmay_arrival_five_plusses, layout_basic
D:2:      layout_basic, lemuel_coloured_pillars_altar,
          nicolae_gozag_seed_capital, first_ration, uniq_natasha

Action                   || total
-------------------------++-------
Melee: Dagger            ||     3
       Unarmed           ||     3
 Cast: Freeze            ||    32
       Throw Frost       ||     1
  Use: Scroll            ||     2
Armor: Leather armour    ||    13
Dodge: Dodged            ||    35

Table legend:
 A = Non-vault XP
 B = Vault XP
 C = Vault XP percentage of total XP
 D = Non-vault monster count
 E = Vault monster count
 F = Vault count percentage of total count
                 A         B        C        D         E       F
            +---------+---------+-------+---------+---------+-------
      Total |      29 |       0 |   0.0 |      17 |       0 |   0.0
            +---------+---------+-------+---------+---------+-------
        D:1 |      29 |       0 |   0.0 |      17 |       0 |   0.0
            +---------+---------+-------+---------+---------+-------
